 Dungeon Crawl Stone Soup version 0.29.1-13-g9f3cf754e1 (webtiles) character file.

Game seed: 10516381212252595795

25 cdecastro the Sneak (level 3, -3/21 HPs)
             Began as a Kobold Brigand on Jan 26, 2023.
             Slain by Natasha (11 damage)
             ... on level 2 of the Dungeon.
             The game lasted 00:01:14 (1307 turns).

cdecastro the Sneak (Kobold Brigand)                Turns: 1307, Time: 00:01:15

Health: -3/21      AC:  3    Str: 10    XL:     3   Next: 17%
Magic:  3/3        EV: 14    Int: 12    God:
Gold:   65         SH:  0    Dex: 16    Spells: 2/2 levels left

rFire   . . .      SeeInvis .   a - +2 dagger
rCold   . . .      Faith    .   (no shield)
rNeg    . . .      Spirit   .   b - +0 robe
rPois   .          Reflect  .   (no helmet)
rElec   .          Harm     .   c - +0 cloak
rCorr   .          Rampage  .   (no gloves)
Will    .....                   (no boots)
Stlth   ++++......              (no amulet)
HPRegen 0.07/turn               (no ring)
MPRegen 0.08/turn               (no ring)

@: no status effects
A: small, no large weapons, nightstalker 3
a: no special abilities


You were on level 2 of the Dungeon.
You visited 1 branch of the dungeon, and saw 2 of its levels.

You collected 65 gold pieces.

Inventory:

Hand Weapons
 a - a +2 dagger (weapon)
 g - a +0 sling
Missiles
 d - 19 poisoned darts (quivered)
 e - 3 curare-tipped darts
Armour
 b - a +0 robe (worn)
 c - a +0 cloak (worn)
Scrolls
 j - a scroll of butterflies {unknown}
Potions
 f - a potion of mutation {unknown}
 h - 2 potions of curing {unknown}
 i - a potion of flight {unknown}
 k - a potion of magic {unknown}


   Skills:
 - Level 2.1 Fighting
 * Level 4.1 Short Blades
 - Level 2.1 Throwing
 - Level 1.2 Dodging
 + Level 5.8 Stealth


You had 2 spell levels left.
You didn't know any spells.
Your spell library contained the following spells:

 Spells                   Type           Power      Damage    Failure   Level
 Magic Dart               Conj           0%         1d3       32%         1
 Call Imp                 Summ           0%         N/A       45%         2
 Mephitic Cloud           Conj/Pois/Air  0%         N/A       69%         3


Dungeon Overview and Level Annotations

Branches:
Dungeon (2/15)

Altars:

Annotations:
D:2 Natasha


Innate Abilities, Weirdness & Mutations

You are small and have problems with some larger weapons.
You are completely attuned to the shadows.


Message History

You closely miss Natasha.
Natasha is moderately wounded.
Natasha stares at you and mumbles some strange words.
You resist with significant effort.
You closely miss Natasha.
Natasha is moderately wounded.
Natasha drinks a potion.
Natasha seems to grow stronger.
You hit Natasha.
Natasha is heavily wounded.
Natasha completely misses you.
You hit Natasha.
Natasha is severely wounded.
Natasha barely misses you.
You closely miss Natasha.
Natasha is severely wounded.
You closely miss Natasha.
Natasha is severely wounded.
Natasha stares at you and mumbles some strange words.
You resist with significant effort.
You hit Natasha but do no damage.
Natasha is severely wounded.
Natasha mumbles some strange words.
You closely miss Natasha.
Natasha is severely wounded.
Natasha casts a spell at you. You resist with significant effort.
You closely miss Natasha.
Natasha is severely wounded.
The shadow imp hits you but does no damage.
Natasha claws you!
* * * LOW HITPOINT WARNING * * *
You hit Natasha.
Natasha is almost dead.
The shadow imp hits you.
* * * LOW HITPOINT WARNING * * *
You hit Natasha but do no damage.
Natasha is almost dead.
Natasha claws you!
Ouch! That really hurt!
You die...

# #. ##
#.##h#
###..@.##
...).5..#
..........
..........
....<.....
#######...
..


You could see Natasha (strong) and a shadow imp (summoned).

Vanquished Creatures
  A dart slug (D:1)
  An endoplasm (D:1)
  A giant cockroach (D:1)
  2 goblins (D:1)
  4 hobgoblins (D:1)
  4 quokkas (D:1)
  3 ball pythons (D:1)
  A bat (D:1)
  A frilled lizard (D:1)
  2 kobolds
20 creatures vanquished.

Notes
Turn   | Place    | Note
-------+----------+-------------------------------------------
     0 | D:1      | cdecastro the Kobold Brigand began the quest for the Orb.
     0 | D:1      | Reached XP level 1. HP: 12/12 MP: 1/1
    62 | D:1      | Reached XP level 2. HP: 17/17 MP: 2/2
   776 | D:1      | Reached XP level 3. HP: 21/21 MP: 3/3
   804 | D:1      | Found Uciedden's Antique Weapon Emporium.
  1288 | D:2      | Noticed Natasha
  1307 | D:2      | Slain by Natasha

Illustrated notes

Levels and vault maps discovered:
D:1:      eino_arrival_druids_welcome, layout_basic, serial_shops,
          nicolae_shop_hallway_plus, serial_forest,
          infiniplex_forest_straight_4, infiniplex_forest_side_room,
          infiniplex_forest_zigzag_1, infiniplex_forest_clump_double,
          infiniplex_forest_end_double, infiniplex_forest_clump_double,
          infiniplex_forest_join, infiniplex_forest_lined_3_way,
          infiniplex_forest_join, minmay_misc_feat_more_columns,
          hangedman_abyss_or_decor_stabs
D:2:      layout_basic, basic_altar, serial_shops,
          nicolae_shop_overgrown_old_shop, nicolae_shop_crystal, uniq_terence,
          uniq_natasha

Skill      XL: |  1  2  3 |
---------------+----------+-----
Short Blades   | 3 4 |  4.1
Fighting       | |  2.1
Throwing       | |  2.1
Dodging        | |  1.2
Stealth        | |  5.8

Action                   || total
-------------------------++-------
Melee: Dagger            ||    50
 Stab: Sleeping          ||    15
Armor: Robe              ||     5
Dodge: Dodged            ||    20
